 Dungeon Crawl Stone Soup version 0.31-a0-977-gc230f8ef24 (webtiles) character file.

Game seed: 13145637175138968404

180 Descartes the Shooter (level 5, -1/41 HPs)
             Began as a Formicid Hunter on Oct 29, 2023.
             Slain by a phantom (6 damage)
             ... on level 4 of the Dungeon.
             The game lasted 00:06:03 (3440 turns).

Descartes the Shooter (Formicid Hunter)             Turns: 3440, Time: 00:06:03

Health: -1/41      AC:  7    Str: 17    XL:     5   Next: 91%
Magic:  5/5        EV: 10    Int: 11    God:
Gold:   172        SH:  0    Dex: 17    Spells: 4/4 levels left

rFire   + . .        b - +0 flail
rCold   . . .        (no shield)
rNeg    . . .        l - +1 scale mail of Poor Excuses {Contam rF+ Will+ Int+2}
rPois   .            (helmet unavailable)
rElec   .            (no cloak)
rCorr   .            (no gloves)
SInv    +            (no boots)
Will    +....        (no amulet)
Stlth   +            (no ring)
HPRegen 0.26/turn    (no ring)
MPRegen 0.09/turn

%: no passive effects
@: mighty
A: permanent stasis, dig shafts and tunnels, antennae 3, four strong arms
a: Dig, Shaft Self


You were on level 4 of the Dungeon.
You visited 1 branch of the dungeon, and saw 4 of its levels.

You collected 172 gold pieces.

Inventory:

Hand Weapons
 a - a +0 shortbow
 b - a +0 flail (weapon)
Missiles
 f - 4 poisoned darts
 n - 4 boomerangs
Armour
 j - a +0 chain mail
 l - the +1 scale mail of Poor Excuses (worn) {Contam rF+ Will+ Int+2}
   (You found it on level 3 of the Dungeon)

   Int+2:     It affects your intelligence (+2).
   rF+:       It protects you from fire.
   Will+:     It increases your willpower.
   Contam:    It causes magical contamination when unequipped.
Jewellery
 o - an amulet of magic regeneration
Wands
 u - a wand of charming (11)
Scrolls
 c - a scroll of noise {unknown}
 e - a scroll of butterflies
 g - a scroll of revelation {unknown}
 h - a scroll of amnesia {unknown}
 i - 2 scrolls of identify {unknown}
 k - a scroll of fog {unknown}
 q - 2 scrolls of immolation {unknown}
 r - a scroll of teleportation {unknown}
 s - a scroll of torment {unknown}
Potions
 m - a potion of haste {unknown}
 p - a potion of resistance {unknown}
 t - a potion of might


   Skills:
 + Level 3.3 Fighting
 - Level 0.7(1.3) Axes
 + Level 1.6(1.8) Maces & Flails
 + Level 4.6 Ranged Weapons
 + Level 2.3 Armour
 - Level 1.7 Dodging
 - Level 1.2 Stealth
 + Level 2.8 Shields


You had 4 spell levels left.
You didn't know any spells.
Your spell library contained the following spells:

 Spells                   Type           Power      Damage    Failure   Level
 Cigotuvi's Dreadful Rot  Necr/Pois/Air  0%         N/A       87%         2
 Jinxbite                 Hex            0%         N/A       87%         2
 Ignite Poison            Fire/Tmut/Pois 0%         N/A       98%         3
 Dimensional Bullseye     Hex/Tloc       0%         N/A       100%        4
 Freezing Cloud           Conj/Ice/Air   0%         6-21      100%        5
 Metabolic Englaciation   Hex/Ice        0%         N/A       100%        5
 Enfeeble                 Hex            0%         N/A       100%        7


Dungeon Overview and Level Annotations

Branches:
Dungeon (4/15)
 Temple: D:4-7

Altars:
Xom


Innate Abilities, Weirdness & Mutations

You cannot be hasted, slowed, berserked, paralysed or teleported.
You can dig through walls and to a lower floor.
You have a pair of large antennae on your head. (SInv)
Your four strong arms can wield two-handed weapons with a shield.


Message History

The orc is lightly wounded.
The orc misses you.
The phantom hits you but does no damage.
The orc closely misses you. The orc barely misses you. The phantom hits you.
You barely miss the orc.
The orc is lightly wounded.
The orc hits you but does no damage. The orc hits you with a +0 club.
The phantom barely misses you. The orc hits you but does no damage.
You barely miss the orc.
The orc is lightly wounded.
The orc barely misses you. The phantom hits you.
The orc hits you but does no damage.
Unknown command.
You hit the orc.
The orc is severely wounded.
The orc hits you but does no damage. The phantom hits you.
* * * LOW HITPOINT WARNING * * *
The orc hits you but does no damage. The orc barely misses you.
The phantom hits you but does no damage.
It was a potion of might.
You feel very mighty all of a sudden. The orc barely misses you.
The orc hits you with a +0 club.
* * * LOW HITPOINT WARNING * * *
The phantom closely misses you.
You closely miss the orc. The orc completely misses you.
The orc hits you with a +0 club.
* * * LOW HITPOINT WARNING * * *
The phantom barely misses you. The orc barely misses you.
Unknown command.
You closely miss the orc. The orc misses you. The phantom barely misses you.
The orc barely misses you.
Unknown command.
You hit the orc.
You kill the orc!
The phantom hits you but does no damage.
The orc hits you with a +0 club.
* * * LOW HITPOINT WARNING * * *
Unknown command.
You closely miss the orc priest. The phantom hits you.
You die...

########.....##....##...##....##
#.................##....##
#...............) .....##
##....(##....##.. ##.... #
#####'####### .. # #
.##.....##....# #
..............# #
.........W....# ........##@o.##
.##.....##o### #......#>.......
#.....##........
####'###........ .. #...#..#. ..
########


You could see a phantom, an orc priest and an orc.

Vanquished Creatures
  2 orc wizards (D:4)
  2 adders (D:3)
  4 gnolls (D:3)
  A worm (D:2)
  4 dart slugs (D:1)
  2 orcs
  10 ball pythons
  4 endoplasms
  A giant cockroach (D:1)
  5 goblins
  5 hobgoblins
  2 quokkas
  10 bats
  A frilled lizard (D:2)
  5 kobolds
  4 rats
62 creatures vanquished.

Notes
Turn   | Place    | Note
-------+----------+-------------------------------------------
     0 | D:1      | Descartes the Formicid Hunter began the quest for the Orb.
     0 | D:1      | Reached XP level 1. HP: 16/16 MP: 1/1
    44 | D:1      | Reached XP level 2. HP: 19/22 MP: 2/2
   240 | D:1      | Reached skill level 1 in Shields
   307 | D:1      | Reached skill level 1 in Armour
   309 | D:1      | Reached XP level 3. HP: 28/28 MP: 3/3
  1759 | D:2      | Reached XP level 4. HP: 34/34 MP: 4/4
  2272 | D:3      | Identified the +1 scale mail of Poor Excuses {Contam rF+
                  | Will+ Int+2}
  2365 | D:3      | Reached skill level 1 in Maces & Flails
  2494 | D:3      | Identified the serpent talisman "Esyrhiv" {rPois rF++ Dex-3
                  | SInv}
  2521 | D:3      | Reached XP level 5. HP: 41/41 MP: 5/5
  2701 | D:3      | Found a faded altar of an unknown god.
  3068 | D:4      | Identified the "Teebb"
  3194 | D:4      | Found a shimmering altar of Xom.
  3423 | D:4      | Noticed a phantom
  3440 | D:4      | Slain by a phantom

Illustrated notes

Levels and vault maps discovered:
D:1:      mrwooster_arrival_statue_2, layout_basic
D:2:      layout_basic
D:3:      layout_loops_ring, basic_ecumenical_altar
D:4:      layout_gridville, nicolae_overflow_crystal_walls

Skill      XL: |  1  2  3  4  5 |
---------------+----------------+-----
Shields        | 1 2 |  2.8
Armour         | 1 2 |  2.3
Maces & Flails | 1 |  1.6
Fighting       | 3 |  3.3
Axes           | |  0.7
Ranged Weapons | |  4.6
Dodging        | |  1.7
Stealth        | |  1.2

Action                     |  1- 3 |  4- 6 || total
---------------------------+-------+-------++-------
  Melee: Flail             |    11 |    82 ||    93
         Punch             |       |     1 ||     1
   Fire: Shortbow          |    85 |    41 ||   126
    Use: Potion            |       |     2 ||     2
   Stab: Sleeping          |     1 |       ||     1
 Armour: Leather armour    |     2 |       ||     2
         Ring mail         |    21 |       ||    21
         Chain mail        |     9 |    21 ||    30
         Scale mail        |       |    97 ||    97
  Dodge: Dodged            |    22 |    76 ||    98

Table legend: (Time is in decaauts)
 A = Elapsed time spent in this place.
 B = Non-inter-level travel time spent in this place.
 C = Inter-level travel time spent in this place.
 D = Time resting spent in this place.
 E = Time spent auto-exploring this place.
 F = Levels seen in this place.
 G = Mean time per level.
                   A        B        C        D        E       F      G
               +--------+--------+--------+--------+--------+-----+--------+
         Total |   3516 |   3385 |    131 |    534 |   2255 |   4 |  879.0 |
       Dungeon |   3516 |   3385 |    131 |    534 |   2255 |   4 |  879.0 |
               +--------+--------+--------+--------+--------+-----+--------+

Top non-repeatable levels by time:
     D:2: 1558 daAuts
     D:3: 991 daAuts
     D:1: 582 daAuts
     D:4: 384 daAuts
